Map: Prion Terraces

Players

하이엔드 - Winner!

  • Race: Protoss Protoss
  • League: Platinum

ILLBdA

  • Race: Terran Terran
  • League: Diamond

VOD

Have the link to the VOD?

Description

Time

  • Played on: Dec. 11, 2015, 10:04 a.m.
  • Length: 6:35
Show
View Real Time Build Order
Export as new Build Order

하이엔드 Protoss - Winner!

Build Orders: 1 Gate Expand 

Get SALT Encoding   

  12  0:01  Probe (Chrono Boost)  
  13  0:12  Probe (Chrono Boost)  
  14  0:19  Pylon  
  14  0:22  Probe (Chrono Boost)  
  15  0:37  Probe (Chrono Boost), Gateway  
  16  0:47  Probe (Chrono Boost)  
  16  0:49  Assimilator  
  17  0:58  Probe (Chrono Boost)  
  18  1:08  Probe (Chrono Boost)  
  19  1:19  Probe (Chrono Boost)  
  20  1:29  Nexus  
  21  1:40  Probe (Chrono Boost)  
  21  1:42  Cybernetics Core  
  21  1:50  Probe (Chrono Boost)  
  21  1:52  Pylon  
  22  2:01  Probe (Chrono Boost), Assimilator  
  23  2:12  Probe (Chrono Boost)  
  24  2:19  Stalker  
  24  2:20  Warp Gate (Chrono Boost)  
  25  2:30  Gateway  
  25  2:32  Gateway  
  25  2:38  Probe (Chrono Boost)  
  26  2:44  Probe (Chrono Boost)  
  26  2:48  Probe (Chrono Boost)  
  28  2:54  Stalker  
  30  2:59  Probe (Chrono Boost)  
  30  3:00  Probe (Chrono Boost)  
  32  3:09  Probe (Chrono Boost)  
  32  3:11  Probe (Chrono Boost)  
  34  3:13  Gateway  
  34  3:14  Pylon  
  34  3:19  Stalker  
  36  3:23  Stalker  
  36  3:26  Probe (Chrono Boost)  
  39  3:36  Probe (Chrono Boost)  
  40  3:44  Probe (Chrono Boost)  
  40  3:47  Probe (Chrono Boost), Pylon  
  42  3:49  Assimilator  
  42  3:54  Mothership Core (Chrono Boost)  
  43  3:57  Probe (Chrono Boost)  
  45  4:06  Assimilator  
  45  4:13  Probe  
  46  4:21  Stalker x3  
  46  4:22  Stalker  
  46  4:24  Probe  
  54  4:30  Twilight Council  
  55  4:32  Pylon  
  55  4:34  Probe  
  55  4:35  Robotics Facility  
  56  4:40  Pylon  
  56  4:45  Probe  
  53  5:04  Stalker x3  
  53  5:05  Stalker  
  57  5:15  Gateway  
  57  5:16  Gateway  
  57  5:23  Warp Prism  
  57  5:27  Stalker  
  57  5:28  Stalker x2  
  65  5:29  Stalker  
  67  5:39  Robotics Bay  
  67  5:41  Pylon  
  67  5:46  Probe  
  60  6:22  Stalker x4  
Show
View Real Time Build Order
Export as new Build Order

ILLBdA Terran 

Build Orders: Command Center First (CC), Mech 

Get SALT Encoding   

  12  0:01  SCV  
  13  0:13  SCV  
  14  0:19  Supply Depot  
  14  0:25  SCV  
  15  0:41  SCV  
  16  0:53  SCV  
  17  1:00  Command Center  
  17  1:11  Barracks  
  17  1:12  SCV  
  18  1:21  Refinery  
  18  1:24  SCV  
  19  1:31  Refinery  
  19  1:36  SCV  
  20  1:48  SCV  
  21  1:59  Barracks  
  21  2:01  SCV  
  22  2:13  Orbital Command  
  22  2:28  Orbital Command  
  22  2:32  Reaper  
  23  2:39  SCV  
  24  2:45  Factory  
  24  2:49  Engineering Bay  
  24  2:50  Marine  
  24  2:51  SCV  
  26  3:03  SCV  
  26  3:05  Barracks Tech Lab  
  27  3:09  SCV  
  27  3:11  Marine  
  29  3:15  SCV  
  30  3:21  SCV  
  30  3:24  Supply Depot  
  31  3:28  SCV  
  31  3:29  Supply Depot  
  31  3:33  SCV  
  33  3:35  Barracks Tech Lab, Factory  
  33  3:40  SCV, Siege Tank  
  37  3:45  SCV  
  37  3:53  SCV, Bunker  
  38  3:55  Bunker  
  38  3:56  Marine  
  38  3:57  SCV  
  40  4:04  Missile Turret  
  40  4:05  SCV  
  40  4:09  Refinery  
  42  4:10  SCV, Refinery  
  42  4:16  Siege Tank  
  45  4:17  SCV  
  45  4:20  Barracks Tech Lab  
  45  4:22  Factory  
  46  4:34  Siege Tank  
  49  4:39  SCV  
  49  4:42  SCV  
  49  4:43  Missile Turret  
  51  4:47  Supply Depot  
  51  4:51  SCV  
  48  5:01  Siege Tank  
  49  5:07  Siege Tank  
  49  5:08  Marine x2  
  49  5:11  Factory Tech Lab  
  54  5:27  SCV x2  
  56  5:30  Siege Tank  
  56  5:35  Supply Depot x2  
  59  5:37  Marine  
  59  5:39  SCV x2  
  62  5:44  Supply Depot  
  62  5:53  Command Center  
  62  5:56  SCV, Siege Tank  
Tags
 
Add a new tag
Caveats
  • Supply blocks, unpowered buildings, or Contaminate may cause inaccurate times.
  • Supply counts are checked every 10 seconds.